 Dungeon Crawl Stone Soup version 0.27.1-33-g824d729ab1 (webtiles) character file.

Game seed: 12020482070141261524

2 DenSaoPin the Vexing (level 1, 0/19 HPs)
             Began as an Ogre Arcane Marksman on Nov 30, 2021.
             Slain by a jackal (3 damage)
             ... on level 1 of the Dungeon.
             The game lasted 00:00:49 (267 turns).

DenSaoPin the Vexing (Ogre Arcane Marksman)          Turns: 267, Time: 00:00:49

Health: 0/19       AC:  3    Str: 13    XL:     1   Next: 30%
Magic:  2/2        EV:  9    Int: 14    God:
Gold:   0          SH:  0    Dex:  9    Spells: 1/2 levels left

rFire    . . .     SeeInvis .   (no weapon)
rCold    . . .     Faith    .   (no shield)
rNeg     . . .     Spirit   .   a - +0 robe
rPois    .         Reflect  .   (helmet restricted)
rElec    .         Harm     .   (no cloak)
rCorr    .         Rampage  .   (gloves unavailable)
Will     .....                  (boots unavailable)
Stlth    +.........             (no amulet)
HPRegen  0.06/turn              (no ring)
MPRegen  0.08/turn              (no ring)

@: no status effects
A: large, unfitting armour, tough skin 1
a: no special abilities


You were on level 1 of the Dungeon.
You visited 1 branch of the dungeon, and saw 1 of its levels.

Inventory:

Missiles
 b - 4 large rocks (quivered)
 c - 2 throwing nets
Armour
 a - a +0 robe (worn)


   Skills:
 - Level 1.3 Fighting
 + Level 2.2 Throwing
 - Level 1.7 Dodging
 - Level 1.2 Spellcasting
 - Level 2.6 Hexes


You had one spell level left.
You knew the following spells:

 Your Spells              Type           Power      Damage    Failure   Level
a - Corona                Hex            8%         N/A       9%          1

Your spell library contained the following spells:

 Spells                   Type           Power      Damage    Failure   Level
 Freeze                   Ice            0%         1d3       26%         1
 Slow                     Hex            8%         N/A       13%         2
 Inner Flame              Hex/Fire       4%         N/A       41%         3
 Portal Projectile        Hex/Tloc       8%         N/A       41%         3
 Frozen Ramparts          Ice            0%         1d2       61%         3
 Cause Fear               Hex            4%         N/A       65%         4
 Hailstorm                Conj/Ice       0%         3d3       95%         4


Dungeon Overview and Level Annotations

Branches:
Dungeon (1/15)

Altars:


Innate Abilities, Weirdness & Mutations

You are too large for most types of armour.
You have tough skin. (AC +1)


Message History

You closely miss the hobgoblin. The hobgoblin closely misses you.
You barely miss the hobgoblin.
A jackal comes into view.
The hobgoblin barely misses you.
The jackal barks!
You hit the kobold.
The kobold is severely wounded.
The hobgoblin hits you. The kobold hits you but does no damage.
You barely miss the kobold.
The kobold is severely wounded.
The hobgoblin hits you but does no damage.
The kobold barely misses you.
A rat comes into view.
The kobold hits you with a +0 whip.
An endoplasm comes into view.
The endoplasm quivers.
The jackal bites you.
The hobgoblin hits you but does no damage.
You closely miss the jackal.
The jackal bites you but does no damage. x2
You closely miss the jackal. The jackal bites you.
You completely miss the jackal. The jackal misses you.
The jackal bites you but does no damage.
You barely miss the jackal. The jackal barely misses you.
You hit the jackal but do no damage. The jackal barely misses you.
You closely miss the jackal. The jackal barely misses you.
The jackal bites you.
You closely miss the jackal. The jackal bites you.
* * * LOW HITPOINT WARNING * * *
The jackal barely misses you.
You aren't carrying any potions.
The jackal bites you.
* * * LOW HITPOINT WARNING * * *
You hit the jackal but do no damage.
The jackal bites you but does no damage.
You barely miss the jackal. The jackal bites you.
* * * LOW HITPOINT WARNING * * *
You closely miss the jackal. The jackal completely misses you.
The jackal bites you.
You die...

.....# ####.# #.#
#.# ####.#
.....#######
...........#
#........#.#########
............KJgh@..#
...<........######.#
............# #
............####
....8..........#
.....♣.........#
...........J...#
............####
............#


You could see an endoplasm, a jackal, a hobgoblin and a kobold.

Vanquished Creatures
  An endoplasm (D:1)
  A frilled lizard (D:1)
2 creatures vanquished.

Notes
Turn   | Place    | Note
-------+----------+-------------------------------------------
     0 | D:1      | DenSaoPin the Ogre Arcane Marksman began the quest for the
                  | Orb.
     0 | D:1      | Reached XP level 1. HP: 19/19 MP: 2/2
   267 | D:1      | Slain by a jackal

Illustrated notes

Levels and vault maps discovered:
D:1:      wander_arrival_lonely_grave, layout_loops_ring, minmay_heptomino_w4

Action                   || total
-------------------------++-------
Melee: Unarmed           ||    23
Armor: Robe              ||     9
Dodge: Dodged            ||    11
